 Dungeon Crawl Stone Soup version 0.29-a0-1047-g7c58e119a4 (webtiles) character file.

Game seed: 2060472940356954962

3 ytrimaz the Insei (level 1, 0/15 HPs)
             Began as a Demonspawn Transmuter on Aug 16, 2022.
             Slain by a quokka (2 damage)
             ... on level 1 of the Dungeon.
             The game lasted 00:00:14 (43 turns).

ytrimaz the Insei (Demonspawn Transmuter)             Turns: 43, Time: 00:00:14

Health: 0/15       AC:  2    Str: 10    XL:     1   Next: 41%
Magic:  2/3        EV: 12    Int: 14    God:
Gold:   7          SH:  0    Dex: 13    Spells: 3/4 levels left

rFire   . . .      SeeInvis .     - Unarmed
rCold   . . .      Faith    .   (no shield)
rNeg    . . .      Spirit   .   a - +0 robe
rPois   .          Reflect  .   (helmet currently unavailable)
rElec   .          Harm     .   (no cloak)
rCorr   .          Rampage  .   (no gloves)
Will    .....                   (boots currently unavailable)
Stlth   +.........              (no amulet)
HPRegen 0.05/turn               (no ring)
MPRegen 0.08/turn               (no ring)

@: appendages (expiring)
A: horns 2, talons 2
a: End Transformation


You were on level 1 of the Dungeon.
You had temporarily grown beastly horns and talons.
You visited 1 branch of the dungeon, and saw 1 of its levels.

You collected 7 gold pieces.

Inventory:

Armour
 a - a +0 robe (worn)
Scrolls
 c - a scroll of blinking {unknown}
Potions
 b - a potion of lignification


   Skills:
 - Level 1.0 Fighting
 - Level 1.7 Dodging
 + Level 2.9 Unarmed Combat
 - Level 2.0 Spellcasting
 - Level 1.7 Transmutations


You had 3 spell levels left.
You knew the following spells:

 Your Spells              Type           Power      Damage    Failure   Level
a - Beastly Appendage     Tmut           12%        N/A       12%         1

Your spell library contained the following spells:

 Spells                   Type           Power      Damage    Failure   Level
 Wereblood                Tmut           6%         N/A       17%         2
 Spider Form              Tmut/Pois      3%         N/A       45%         3
 Ice Form                 Ice/Tmut       3%         N/A       86%         4


Dungeon Overview and Level Annotations

Branches:
Dungeon (1/15)

Altars:


Innate Abilities, Weirdness & Mutations

You have temporarily grown beastly horns and talons.


Message History

The frilled lizard bites you but does no damage.
The goblin closely misses you.
The quokka bites you but does no damage.
Your magical contamination has completely faded away.
Unknown command.
The frilled lizard attacks as you move away!
The frilled lizard bites you.
You miss the frilled lizard.
The frilled lizard bites you but does no damage.
You grow a pair of large bovine horns.
Your feet morph into talons.
The frilled lizard bites you.
You are too injured to fight recklessly!
Unknown command.
You hit the frilled lizard.
You kill the frilled lizard!
You are too injured to fight recklessly!
You hit the frilled lizard.
You kill the frilled lizard!
You hit the goblin but do no damage. Your headbutt misses the goblin.
The goblin is heavily wounded.
The goblin hits you with a +0 dagger.
Unknown command.
You are too injured to fight recklessly!
You closely miss the goblin.
The goblin is moderately wounded.
The goblin hits you with a +0 dagger.
* * * LOW HITPOINT WARNING * * *
You are too injured to fight recklessly!
You hit the goblin. You claw the goblin.
The goblin is severely wounded.
The goblin misses you.
Unknown command.
You hit the goblin.
You kill the goblin!
You completely miss the quokka. You claw the quokka.
The quokka is moderately wounded.
Your transformation is almost over.
The quokka twitches its whiskers.
The quokka bites you.
You die...

.### .....#### #
#....###### ###.
#####......########
.##...##.@................
.?.....#r...#######.....##
.......K###.# #####..#
....)..?# #... ###.#
......... ###.# #8'''
.......##. ..# #.###
.##.... .. ..# ##... #....
K# ... #..<. #...# ..
#####


You could see a quokka and a kobold.

Vanquished Creatures
  A goblin (D:1)
  A kobold (D:1)
  2 frilled lizards (D:1)
4 creatures vanquished.

Notes
Turn   | Place    | Note
-------+----------+-------------------------------------------
     0 | D:1      | ytrimaz the Demonspawn Transmuter began the quest for the
                  | Orb.
     0 | D:1      | Reached XP level 1. HP: 15/15 MP: 3/3
    43 | D:1      | Slain by a quokka

Illustrated notes

Levels and vault maps discovered:
D:1:      saegor_arrival_simple_c, layout_rooms, serial_shops,
          nicolae_shop_competitors_out_of_business,
          nicolae_shop_bloodbath_and_beyond, shop, shop, grunt_decor_fettered

Action                   || total
-------------------------++-------
Melee: Unarmed           ||    12
       Kick              ||     2
 Cast: Beastly Appendage ||     1
Armor: Robe              ||     4
Dodge: Dodged            ||    10

Table legend: (Time is in decaauts)
 A = Elapsed time spent in this place.
 B = Non-inter-level travel time spent in this place.
 C = Inter-level travel time spent in this place.
 D = Time resting spent in this place.
 E = Time spent auto-exploring this place.
 F = Levels seen in this place.
 G = Mean time per level.
                   A        B        C        D        E       F      G
               +--------+--------+--------+--------+--------+-----+--------+
         Total |     42 |     42 |      0 |      0 |     22 |   1 |   42.0 |
       Dungeon |     42 |     42 |      0 |      0 |     22 |   1 |   42.0 |
               +--------+--------+--------+--------+--------+-----+--------+

Top non-repeatable levels by time:
     D:1: 42 daAuts
